 Dungeon Crawl Stone Soup version 0.30.0-5-g1a98f26d00 (webtiles) character file.

Game seed: 17103353256414318014

35 Foic the Vexing (level 3, 0/15 HPs)
             Began as a Felid Enchanter on May 8, 2023.
             Slain by a goblin
             ... wielding a +0 dagger
             ... led by Robin
              (4 damage)
             ... on level 2 of the Dungeon.
             The game lasted 00:10:13 (1093 turns).

Foic the Vexing (Felid Enchanter)                   Turns: 1093, Time: 00:10:14

Health: 0/15       AC:  1    Str:  4    XL:     3   Next: 17%
Magic:  7/7        EV: 18    Int: 16    God:
Gold:   51         SH:  0    Dex: 18    Spells: 0/6 levels left
                                        Lives:  0   Deaths: 0

rFire   . .          .
                       - Unarmed
rCold   . . .        (shield unavailable)
rNeg    . . .        (body armour unavailable)
rPois   .            (helmet unavailable)
rElec   .            (cloak unavailable)
rCorr   .            (gloves unavailable)
SInv    +            (boots unavailable)
Will    .....        (no amulet)
Stlth   +++          (no ring)
HPRegen 0.22/turn    (no ring)
MPRegen 0.10/turn

%: no passive effects
@: quick
A: very small, claws 1, fangs 3, see invisible, speed 1, shaggy fur 1, stealthy
paws, no weapons or thrown items, no armour, multi-lived
a: no special abilities


You were on level 2 of the Dungeon.
You visited 1 branch of the dungeon, and saw 2 of its levels.

You collected 51 gold pieces.

Inventory:

Missiles
 b - 17 stones
Scrolls
 d - a scroll of identify {unknown}
Potions
 a - 2 potions of invisibility
 c - a potion of curing {unknown}
 e - a potion of flight {unknown}


   Skills:
 + Level 0.4 Fighting
 + Level 3.1 Dodging
 * Level 4.6 Stealth
 + Level 1.5 Unarmed Combat
 + Level 2.2 Spellcasting
 + Level 4.7 Hexes


You couldn't memorise any spells.
You knew the following spells:

 Your Spells              Type           Power      Damage    Failure   Level
a - Confusing Touch       Hex            17%        N/A       9%          3
b - Tukima's Dance        Hex            17%        N/A       9%          3

Your spell library contained the following spells:

 Spells                   Type           Power      Damage    Failure   Level
 Ensorcelled Hibernation  Hex/Ice        18%        N/A       12%         2
 Dazzling Flash           Conj/Hex       18%        N/A       22%         3


Dungeon Overview and Level Annotations

Branches:
Dungeon (2/15)

Altars:

Annotations:
D:2 Robin


Innate Abilities, Weirdness & Mutations

You have sharp claws.
You have razor-sharp teeth.
You have supernaturally acute eyesight. (SInv)
You cover ground quickly. (Speed+)
You are covered in fur. (AC +1)
Your paws help you pounce on unaware monsters.
You are incapable of wielding weapons or throwing items.
You cannot wear armour.
You gain extra lives every three experience levels.


Message History

The helpless rat fails to defend itself.
You claw the rat!
You kill the rat!
You see here a +0 dagger.
There is a stone staircase leading down here.
You climb downwards.
There is a stone staircase leading up here. 2 goblins come into view.
The goblin shouts!
You hear a shout! x2
Robin of the Strong Arm comes into view.
They are wielding a +0 dagger.
The goblin shouts! x3; You hear a shout! x2
A goblin comes into view. It is wielding a +0 club.
You hear a shout!
There is a stone staircase leading up here.
A goblin comes into view. It is wielding a +0 dagger.
The goblin shouts!
You hear a shout!
Robin says, "Bow before me, strongest of all the hobgoblins!"
The goblin hits the plant with a +0 dagger.
The plant begins to die.
You climb upwards.
There is a stone staircase leading down here.
You scratch the goblin.
The goblin is heavily wounded.
The goblin misses you.
You scratch the goblin.
You kill the goblin!
Things that are here:
a +0 club; a goblin corpse
There is a stone staircase leading down here.
You climb downwards.
Level annotation: Robin A hobgoblin comes into view.
The goblin hits you with a +0 club. The goblin closely misses you.
There is a stone staircase leading up here.
Robin roars a battlecry!
The goblins go into a battle-frenzy!
The goblin hits you with a +0 club!
* * * LOW HITPOINT WARNING * * *
The goblin hits you with a +0 dagger.
You die...

#.. .## #..
... #..♣♣
..# #..♣P
♣PP..#
#..P♣♣♣PP.g.
#......g#
#g.Pg..##.##
#g@.g..g.g..
#########..g


You could see Robin, a hobgoblin (strong) and 6 goblins.

Vanquished Creatures
  2 ball pythons (D:1)
  2 endoplasms (D:1)
  5 goblins (D:1)
  4 hobgoblins (D:1)
  6 jackals (D:1)
  2 kobolds (D:1)
  A quokka (D:1)
  2 bats (D:1)
  2 frilled lizards (D:1)
  4 rats (D:1)
30 creatures vanquished.

Notes
Turn   | Place    | Note
-------+----------+-------------------------------------------
     0 | D:1      | Foic the Felid Enchanter began the quest for the Orb.
     0 | D:1      | Reached XP level 1. HP: 7/7 MP: 4/4
   146 | D:1      | Reached XP level 2. HP: 11/11 MP: 6/6
   655 | D:1      | Reached XP level 3. HP: 14/14 MP: 7/7
   715 | D:1      | Learned a level 3 spell: Confusing Touch
   719 | D:1      | Learned a level 3 spell: Tukima's Dance
  1080 | D:2      | Noticed Robin
  1093 | D:2      | Slain by a goblin

Illustrated notes

Levels and vault maps discovered:
D:1:      nagdon_arrival_zigzag_paths, layout_basic, minmay_misc_feat_five
D:2:      layout_loops_ring, serial_forest, infiniplex_forest_clump_double,
          infiniplex_forest_clump_diagonal, infiniplex_forest_clump_diagonal,
          infiniplex_forest_clump_large, infiniplex_forest_straight_2,
          uniq_robin

Skill      XL: |  1  2 |
---------------+-------+-----
Dodging        | 3 |  3.1
Fighting       | |  0.4
Stealth        | |  4.6
Unarmed Combat | |  1.5
Spellcasting   | |  2.2
Hexes          | |  4.7

Action                     || total
---------------------------++-------
  Melee: Unarmed           ||    98
         Bite              ||     9
         Punch             ||     1
   Cast: Confusing Touch   ||     2
         Tukima's Dance    ||     1
   Stab: Sleeping          ||     7
         Distracted        ||     1
         Confused          ||     1
 Armour: Skin              ||     2
  Dodge: Dodged            ||    80
